 Dungeon Crawl Stone Soup version 0.24-a0-549-g45f0056d81 (webtiles) character file.

Game seed: 1343074280269572686

697 Flugkiller the Skirmisher (level 7, -2/53 HPs)
             Began as an Octopode Artificer on Aug 20, 2019.
             Slain by Prince Ribbit (17 damage)
             ... on level 5 of the Dungeon.
             The game lasted 00:07:52 (4855 turns).

Flugkiller the Skirmisher (Octopode Artificer)      Turns: 4855, Time: 00:07:53

Health: -2/53      AC:  3    Str: 11    XL:     7   Next: 65%
Magic:  9/9        EV: 15    Int: 14    God:
Gold:   218        SH:  0    Dex: 14    Spells: 6/6 levels left

rFire    . . .     SeeInvis +   s - +0 dagger (venom)
rCold    . . .     Gourm    .   (no shield)
rNeg     . . .     Faith    .   (helmet restricted)
rPois    .         Spirit   .   (no amulet)
rElec    .         Reflect  .   e - ring of see invisible
rCorr    .         Harm     .   (no ring)
MR       .....                  (no ring)
Stlth    +++.......             (no ring)
HPRegen  0.17/turn              (no ring)
MPRegen  0.11/turn              (no ring)
                                (no ring)
                                (no ring)

@: no status effects
A: almost no armour, stealthy swim, amphibious, 8 rings, constrict 8, icy blue
scales 1, camouflage 1, gelatinous body 1
a: no special abilities


You were on level 5 of the Dungeon.
You were not hungry.

You visited 1 branch of the dungeon, and saw 5 of its levels.

You collected 218 gold pieces.

Inventory:

Hand Weapons
 a - a +0 short sword
 s - a +0 dagger of venom (weapon)
   (You found it on level 2 of the Dungeon)
 w - a +0 morningstar
   (You took it off an orc on level 4 of the Dungeon)
Missiles
 j - 111 arrows
 n - 9 poisoned darts (quivered)
 q - 38 bolts
 r - a throwing net
Jewellery
 e - a ring of see invisible (left tentacle)
   (You found it on level 5 of the Dungeon)
Wands
 b - a wand of flame (10)
 c - a wand of enslavement (20)
 d - a wand of random effects (11)
 o - a wand of polymorph (6)
   (You took it off Ijyb on level 4 of the Dungeon)
Scrolls
 g - a scroll of immolation
 h - a scroll of fog
 l - 2 scrolls of teleportation
 m - a scroll of remove curse
 p - a scroll of fear
 t - a scroll of magic mapping
 v - a scroll of enchant weapon
Potions
 i - 2 potions of curing
 k - a potion of cancellation
 z - 2 potions of lignification
Comestibles
 f - 11 rations


   Skills:
 + Level 6.9 Fighting
 - Level 1.0 Short Blades
 + Level 4.7 Dodging
 - Level 1.3 Stealth
 - Level 3.2 Evocations


You had 6 spell levels left.
You didn't know any spells.
Your spell library was empty.

Dungeon Overview and Level Annotations

Branches:
Dungeon (5/15)
 Temple: D:4-7

Altars:
Fedhas
Kikubaaqudgha
Trog

Annotations:
D:5 Dowan, Duvessa, Prince Ribbit


Innate Abilities, Weirdness & Mutations

You cannot wear most types of armour.
You are very stealthy in the water. (Stealth+)
You are amphibious.
You can wear up to eight rings at the same time.
You can use your tentacles to constrict eight enemies at once.
Your skin changes colour to match your surroundings (Stealth+).
Your rubbery body absorbs attacks. (AC +1, EV +1)
You are partially covered in icy blue scales. (AC +2)


Message History

The quasit gives a chilling moan. x2
Found a twisted ivory wand and a ration.
All of the chunks of flesh in your inventory have rotted away.
A scorpion comes into view.
A scorpion is nearby!
The helpless scorpion fails to defend itself.
You hit the scorpion.
The scorpion is poisoned.
Your grab misses the scorpion.
You squeeze the scorpion, but do no damage.
The scorpion is moderately wounded.
The scorpion closely misses you.
You hit the scorpion but do no damage.
The scorpion looks as sick as possible!
You grab the scorpion.
The scorpion is heavily wounded.
You constrict the scorpion.
You kill the scorpion!
No target in view!
Found 9 gold pieces.
Prince Ribbit comes into view.
Prince Ribbit gives a loud, deep croak!
You miss Prince Ribbit. You grab Prince Ribbit. You constrict Prince Ribbit.
Prince Ribbit barely misses you.
You hit Prince Ribbit.
Prince Ribbit is poisoned.
Prince Ribbit is lightly wounded.
You constrict Prince Ribbit. Prince Ribbit hits you!!
You hit Prince Ribbit.
Prince Ribbit is moderately wounded.
You constrict Prince Ribbit. Prince Ribbit hits you!!
* * * LOW HITPOINT WARNING * * *
Prince Ribbit misses you.
Unknown command.
You release your grip on Prince Ribbit.
Duvessa shouts!
Prince Ribbit blinks!
Prince Ribbit hits you!
* * * LOW HITPOINT WARNING * * *
Prince Ribbit closely misses you.
Evoke which item? (* to show all) (? for menu, Esc to quit)
Aiming: Enslavement
Press: ? - help, Shift-Dir - straight line, f - Prince Ribbit
Aim: Prince Ribbit (heavily wounded, poisoned, chance to defeat MR: 37%) Prince Ribbit resists with some effort.
Prince Ribbit barely misses you.
Okay, then.
Evoke which item? (* to show all) (? for menu, Esc to quit)
Okay, then.
You feel better. Prince Ribbit barely misses you. Prince Ribbit hits you.
* * * LOW HITPOINT WARNING * * *
Prince Ribbit hits you!
You die...

......##.##.....#..###.###
...(..#%$.#...#..e.##....#
......#/∩5#.#......#..##.###.##
.###..#.5.#..........###......#
......##5##.......e.....#.......
..#....###...........##.#..###..
#...#...........####..#...##
#######........######.#..##
##...#...F@.......##
##..#########...## #### #..##
#..# #..# #... #.... ##... ####


You could see Prince Ribbit.

Vanquished Creatures
  Eustachio (D:4)
  Blork the orc (D:4)
  A scorpion (D:5)
  A crimson imp (D:4)
  2 hounds
  An orc wizard (D:4)
  2 orc priests (D:4)
  Ijyb (D:4)
  2 worker ants
  8 gnolls
  4 adders
  A worm (D:4)
  3 leopard geckos
  4 orcs
  4 ball pythons
  A giant cockroach (D:1)
  7 goblins
  10 hobgoblins
  4 kobolds
  A quokka (D:3)
  12 bats
  5 frilled lizards
  A quokka skeleton (D:5)
  6 rats
83 creatures vanquished.

Vanquished Creatures (collateral kills)
  A worm (D:3)
1 creature vanquished.

Grand Total: 84 creatures vanquished

Notes
Turn   | Place    | Note
-------+----------+-------------------------------------------
     0 | D:1      | Flugkiller the Octopode Artificer began the quest for the
                  | Orb.
     0 | D:1      | Reached XP level 1. HP: 13/13 MP: 3/3
   111 | D:1      | Reached skill level 2 in Fighting
   111 | D:1      | Reached XP level 2. HP: 18/19 MP: 4/4
   532 | D:1      | Gained mutation: You are somewhat resistant to further
                  | mutation. [potion of mutation]
   618 | D:2      | Reached XP level 3. HP: 18/25 MP: 5/5
   711 | D:2      | Reached skill level 3 in Fighting
   895 | D:2      | Reached XP level 4. HP: 19/33 MP: 6/6
   904 | D:2      | Reached skill level 4 in Fighting
  1733 | D:3      | Reached XP level 5. HP: 38/38 MP: 7/7
  1757 | D:3      | Noticed a water moccasin
  2428 | D:3      | Reached skill level 5 in Fighting
  2702 | D:3      | Found a bloodstained altar of Trog.
  3474 | D:4      | Noticed Ijyb
  3486 | D:4      | Killed Ijyb
  3486 | D:4      | Reached XP level 6. HP: 45/45 MP: 8/8
  3496 | D:4      | Lost mutation: You are somewhat resistant to further
                  | mutation. [potion of mutation]
  3496 | D:4      | Gained mutation: You are frail. (-10% HP) [potion of
                  | mutation]
  3496 | D:4      | Gained mutation: You evolve. [potion of mutation]
  3497 | D:4      | Lost mutation: You evolve. [potion of mutation]
  3497 | D:4      | Lost mutation: You are frail. (-10% HP) [potion of
                  | mutation]
  3497 | D:4      | Gained mutation: You are partially covered in icy blue
                  | scales. (AC +2) [potion of mutation]
  3497 | D:4      | Gained mutation: You are dopey. (Int -2) [potion of
                  | mutation]
  3497 | D:4      | Lost mutation: You are dopey. (Int -2) [potion of mutation]
  3556 | D:4      | Noticed Blork the orc
  3569 | D:4      | Killed Blork the orc
  3869 | D:4      | Found a blossoming altar of Fedhas.
  3870 | D:4      | Found an ancient bone altar of Kikubaaqudgha.
  3925 | D:4      | Reached skill level 6 in Fighting
  4042 | D:4      | Noticed Eustachio
  4053 | D:4      | Killed Eustachio
  4053 | D:4      | Reached XP level 7. HP: 47/53 MP: 9/9
  4544 | D:5      | Entered Level 5 of the Dungeon
  4733 | D:5      | Noticed Duvessa
  4733 | D:5      | Noticed Dowan
  4829 | D:5      | Noticed Prince Ribbit
  4855 | D:5      | Slain by Prince Ribbit

Levels and vault maps discovered:
D:1:      dpeg_arrival_rhombus, layout_basic
D:2:      layout_basic
D:3:      layout_basic, lemuel_round_altar, serial_forest,
          infiniplex_forest_straight_4, infiniplex_forest_lined_corner,
          infiniplex_forest_straight_2, infiniplex_forest_end_1,
          infiniplex_forest_clump_medium, minmay_quadrilaterals
D:4:      layout_loops_ring, grunt_temple_overflow_growth_and_decay,
          first_ration, uniq_blork_the_orc, uniq_eustachio, uniq_ijyb
D:5:      cheibrodos_quashed, layout_rooms, lemuel_crystal_altar,
          nemelex_spade_bored_becter, uniq_sigmund, uniq_prince_ribbit1,
          uniq_duvessa

Skill      XL: |  1  2  3  4  5  6 |
---------------+-------------------+-----
Fighting       | 2 3 4 5 6 |  6.9
Dodging        | 4 |  4.7
Short Blades   | |  1.0
Stealth        | |  1.3
Evocations     | |  3.2

Action                   |  1- 3 |  4- 6 |  7- 9 || total
-------------------------+-------+-------+-------++-------
Melee: Short sword       |    61 |       |       ||    61
       Constrict         |    16 |    30 |    12 ||    58
       Tentacles         |    10 |    28 |     8 ||    46
       Unarmed           |     7 |     8 |       ||    15
       Dagger            |       |   108 |    34 ||   142
Evoke: Wand              |     6 |     6 |     1 ||    13
  Use: Scroll            |     5 |       |     9 ||    14
       Potion            |     2 |     5 |     1 ||     8
 Stab: Sleeping          |    10 |    10 |     2 ||    22
  Eat: Chunk             |       |     8 |     4 ||    12
Armor: Skin              |    19 |    10 |     1 ||    30
Dodge: Dodged            |    47 |    54 |    18 ||   119

Table legend:
 A = Non-vault XP
 B = Vault XP
 C = Vault XP percentage of total XP
 D = Non-vault monster count
 E = Vault monster count
 F = Vault count percentage of total count
                 A         B        C        D         E       F
            +---------+---------+-------+---------+---------+-------
      Total |     660 |     336 |  33.7 |      76 |       8 |   9.5
            +---------+---------+-------+---------+---------+-------
        D:1 |      29 |       0 |   0.0 |      19 |       0 |   0.0
        D:2 |      97 |       0 |   0.0 |      20 |       0 |   0.0
        D:3 |     155 |       6 |   3.7 |      23 |       5 |  17.9
        D:4 |     262 |     330 |  55.7 |      10 |       3 |  23.1
        D:5 |     117 |       0 |   0.0 |       4 |       0 |   0.0
            +---------+---------+-------+---------+---------+-------
